Map: Светотень РВ

Players

GeNieS - Winner!

  • Race: Protoss Protoss
  • League: Master

llllllllllll

  • Race: Terran Terran
  • League: Master

VOD

Have the link to the VOD?

Description

Time

  • Played on: April 8, 2021, 12:19 p.m.
  • Length: 7:07
Show
View Real Time Build Order
Export as new Build Order

GeNieS Protoss - Winner!

Build Orders:  

Get SALT Encoding   

  12  0:00  Probe  
  13  0:12  Probe  
  14  0:17  Pylon  
  14  0:24  Probe (Chrono Boost)  
  15  0:29  Assimilator  
  16  0:37  Probe (Chrono Boost)  
  16  0:42  Probe (Chrono Boost)  
  16  0:46  Gateway  
  17  0:51  Probe  
  18  1:03  Probe  
  19  1:15  Probe  
  20  1:35  Zealot  
  20  1:36  Pylon  
  20  1:37  Cybernetics Core  
  22  1:47  Nexus  
  22  1:50  Probe  
  23  1:59  Assimilator  
  23  2:02  Probe  
  24  2:13  Stargate  
  24  2:14  Adept (Chrono Boost)  
  26  2:24  Probe  
  27  2:30  Shield Battery  
  27  2:32  Pylon  
  27  2:37  Adept  
  27  2:41  Probe  
  30  2:50  Void Ray (Chrono Boost)  
  30  2:53  Probe  
  31  3:01  Probe  
  36  3:11  Probe  
  37  3:19  Void Ray (Chrono Boost)  
  39  3:28  Probe  
  40  3:46  Void Ray (Chrono Boost)  
  40  3:50  Probe  
  40  3:52  Pylon  
  40  3:53  Probe  
  40  3:54  Assimilator  
  46  4:00  Pylon  
  46  4:01  Warp Gate  
  46  4:10  Probe x2  
  46  4:15  Pylon  
  48  4:17  Void Ray (Chrono Boost)  
  48  4:22  Probe x2  
  54  4:34  Probe x2  
  56  4:46  Probe x2  
  58  4:53  Void Ray (Chrono Boost)  
  58  4:58  Probe  
  58  4:59  Probe, Gateway  
  64  5:01  Gateway  
  64  5:11  Probe x2  
  64  5:13  Assimilator  
  64  5:14  Pylon  
  66  5:19  Pylon  
  66  5:22  Gateway  
  66  5:23  Probe x2, Void Ray (Chrono Boost)  
  68  5:30  Robotics Facility  
  72  5:43  Probe  
  73  5:52  Adept  
  73  5:53  Probe  
  73  5:54  Void Ray (Chrono Boost)  
  73  5:57  Probe  
  77  6:03  Pylon  
  77  6:04  Pylon  
  81  6:06  Shield Battery  
  81  6:09  Adept x2  
  85  6:21  Nexus  
  85  6:23  Pylon  
  85  6:25  Observer  
  86  6:28  Sentry x2  
  86  6:32  Adept x2  
  78  7:01  Stalker x2  
Show
View Real Time Build Order
Export as new Build Order

llllllllllll Terran 

Build Orders: Cyclone Opening 

Get SALT Encoding   

  12  0:00  SCV  
  13  0:12  SCV  
  14  0:17  Supply Depot  
  14  0:24  SCV  
  15  0:38  SCV  
  15  0:40  Barracks  
  16  0:44  Refinery  
  16  0:50  SCV  
  17  1:02  SCV  
  18  1:11  Engineering Bay  
  18  1:14  SCV  
  19  1:26  Orbital Command  
  19  1:27  Marine  
  20  1:45  Factory  
  20  1:49  Marine  
  20  1:52  SCV  
  22  1:54  Supply Depot, Refinery  
  22  2:04  SCV  
  22  2:07  Barracks Reactor  
  23  2:16  SCV  
  24  2:28  Factory Tech Lab  
  24  2:29  SCV  
  25  2:33  Barracks  
  25  2:41  SCV  
  25  2:44  Marine x2  
  27  2:48  Cyclone, Bunker  
  31  2:51  Supply Depot  
  31  3:13  SCV, Marine x2  
  31  3:16  Mag-Field Accelerator  
  31  3:17  Bunker  
  34  3:22  Cyclone  
  37  3:31  Marine  
  36  3:37  Barracks Tech Lab  
  36  3:39  Starport  
  35  3:42  Marine  
  36  3:49  Marine  
  36  3:51  SCV  
  36  3:53  Supply Depot  
  38  4:05  Cyclone  
  38  4:08  Marine  
  38  4:09  Marine  
  43  4:11  Marine  
  44  4:18  Stimpack  
  44  4:26  Supply Depot, Marine  
  44  4:30  Marine  
  42  4:34  Marine  
  38  4:42  Cyclone  
  38  4:47  Marine  
  39  4:54  Viking  
  39  4:57  Marine  
  42  5:02  Marine  
  42  5:05  Marine  
  44  5:15  Supply Depot, Marine  
  44  5:19  Cyclone  
  44  5:21  Marine  
  49  5:23  Marine  
  49  5:28  Medivac  
  52  5:32  Marine  
  53  5:43  Marine  
  53  5:47  Marine  
  55  5:54  Cyclone  
  55  5:55  Marine  
  55  5:56  Supply Depot  
  59  6:03  Marine  
  60  6:05  Medivac  
  60  6:08  Marine  
  63  6:11  Supply Depot  
  63  6:17  Marine  
  64  6:22  Supply Depot  
  64  6:23  Marine  
  65  6:28  Marine  
  66  6:46  Marine  
  41  6:48  Marine x2  
Tags
 
Add a new tag
Caveats
  • Supply blocks, unpowered buildings, or Contaminate may cause inaccurate times.
  • Supply counts are checked every 10 seconds.